 Dungeon Crawl Stone Soup version 0.21-a0-531-gacddea6 (webtiles) character file.

3798 graki42 the Thaumaturge (level 9, -12/48 HPs)
             Began as a Deep Elf Fire Elementalist on Dec 14, 2017.
             Was an Initiate of Vehumet.
             Mangled by an orange demon (15 damage)
             ... on level 3 of the Abyss.
             The game lasted 00:32:42 (10145 turns).

graki42 the Thaumaturge (DEFE)                     Turns: 10145, Time: 00:32:43

Health: -12/48     AC:  2    Str:  8      XL:     9   Next: 96%
Magic:  25/25      EV: 14    Int: 21      God:    Vehumet [......]
Gold:   624        SH:  0    Dex:  9 (15) Spells: 12/28 levels left

rFire    + . .     SeeInvis .   I - +0 dagger (venom)
rCold    + . .     Gourm    .   (no shield)
rNeg     . . .     Faith    .   a - +0 robe
rPois    .         Spirit   .   (no helmet)
rElec    .         Reflect  .   j - scarf {rC+ rF+}
rCorr    .         Harm     .   (no gloves)
MR       .....                  (no boots)
Stlth    ++........             (no amulet)
HPRegen  0.16/turn              (no ring)
MPRegen  0.19/turn              (no ring)

@: lethally poisoned (-12 -> -21)
A: hooves 2
a: Renounce Religion


You were on level 3 of the Abyss.
You worshipped Vehumet.
Vehumet was noncommittal.
You were not hungry.

You visited 2 branches of the dungeon, and saw 10 of its levels.
You visited the Abyss 1 time.

You collected 624 gold pieces.

Inventory:

Hand Weapons
 I - a +0 dagger of venom (weapon)
 L - the +4 long sword "Brush" {slice, +Fly rPois rC- rN+}
   (You found it on level 8 of the Dungeon)

   It inflicts extra damage upon your enemies.
   It makes you vulnerable to cold.
   It protects you from poison.
   It protects you from negative energy.
   It lets you fly.
Armour
 a - a +0 robe (worn)
 g - a +0 cloak
 j - a scarf of resistance (worn)
 G - a +2 leather armour of magic resistance
 J - the cursed +0 ring mail of Pousousi {Stlth+, unknown}
   (You found it on level 7 of the Dungeon)

   It makes you more stealthy.
   It has a curse placed upon it.
Jewellery
 s - an uncursed ring of magical power {unknown}
Wands
 k - a wand of flame (73)
 v - a wand of iceblast (7)
 w - a wand of random effects (58)
 x - a wand of disintegration (19)
Scrolls
 e - 9 scrolls of identify {unknown}
 i - 3 scrolls of random uselessness {unknown}
 l - 5 scrolls of remove curse {unknown}
 n - 2 scrolls of amnesia {unknown}
 p - 4 scrolls of teleportation {unknown}
 u - 2 scrolls of enchant armour {unknown}
 y - 3 scrolls of fog {unknown}
 z - a scroll of immolation {unknown}
 B - 3 scrolls of blinking {unknown}
Potions
 b - 2 potions of might {unknown}
 f - a potion of resistance {unknown}
 m - a potion of haste {unknown}
 o - 2 potions of heal wounds {unknown}
 q - a potion of mutation
 r - 3 potions of magic {unknown}
 t - a potion of curing {unknown}
 A - 2 potions of brilliance {unknown}
 C - a potion of invisibility {unknown}
 E - 2 potions of lignification {unknown}
 F - a potion of flight {unknown}
Books
 D - a book of Changes

   Spells                             Type                      Level
   a - Beastly Appendage              Transmutation                1
   b - Sticks to Snakes               Transmutation                2
   c - Spider Form                    Transmutation/Poison         3
   d - Ice Form                       Ice/Transmutation            4
   e - Blade Hands                    Transmutation                5
Comestibles
 c - 10 bread rations
 d - 2 fruits
 h - 5 meat rations
 H - a royal jelly
 K - a chunk of flesh


   Skills:
 + Level 2.1 Fighting
 + Level 1.1 Short Blades
   Level 2.2 Polearms
 + Level 5.1 Dodging
 - Level 5.4 Stealth
 + Level 10.1 Spellcasting
 + Level 7.4 Conjurations
 + Level 8.7 Fire Magic


You had 12 spell levels left.
You knew the following spells:

 Your Spells              Type           Power        Failure   Level  Hunger
a - Flame Tongue          Conj/Fire      #####        1%          1    None
b - Conjure Flame         Conj/Fire      #####...     1%          3    None
c - Inner Flame           Hex/Fire       ####....     3%          3    None
d - Sticky Flame          Conj/Fire      #####...     2%          4    ##.....
e - Fireball              Conj/Fire      #####.....   6%          5    ####...


Dungeon Overview and Level Annotations

Branches:
Dungeon (9/15)             Temple (1/1) D:7
   Lair: D:8-11         Orc: D:9-12

Altars:
Ashenzari
Cheibriados
Dithmenos
Elyvilon
Fedhas
Gozag
Hepliaklqana
Kikubaaqudgha
Makhleb
Nemelex Xobeh
Okawaru
Ru
Sif Muna
Trog
Uskayaw
Vehumet
Xom
Yredelemnul
Zin
The Shining One
Lugonu


Innate Abilities, Weirdness & Mutations

You have hoof-like feet.


Message History

The neqoxec shouts!
You hear a shout!
The glowing orange brain turns its attention towards you.
Found a troll corpse and an abyssal rune of Zot.
The orange demon stings you from afar. The orange demon stings you.
You are poisoned.
The orange demon poisons you! The orange demon closely misses you.
A large abomination comes into view.
You feel sick.
The glowing orange brain turns its attention towards you.
The orange demon stings you. The orange demon closely misses you.
The large abomination moves out of view.
You feel sick. The orange demon stings you!
* * * LOW HITPOINT WARNING * * *
The orange demon barely misses you.
It was a potion of mutation.
You feel extremely strange.
Your feet thicken and deform. x2
* * * LOW HITPOINT WARNING * * *
You feel sick. The orange demon stings you!
You die...

####.# ...##.## # .
# #.
.#..#...#.#....# #
##... #....##$.. #
#.. . ####.###. . .
. ## ##.# #. ##.#.
.# ##
#.#.##.##.#.#.#Z#..
# # # ##.#.#...
##..#.. # .#..
#.#.##.# #.#.# . .
#.#†.##.@.####.. .#
§.#
.3..§.#.4........#
# §..§§3#..##.#..#.
§..u38#.#.#..# .
....G3#.### ##.
....GX### .....##
....##. ...###.


You could see a starcursed mass, a purple very ugly thing, an orange crystal
statue, 2 glowing orange brains, an orange demon and 3 neqoxecs.

Vanquished Creatures
  A two-headed ogre (D:8)
  The ghost of zero the Ruffian, a novice BaTm (D:5)
  A hornet (D:9)
  The ghost of zero the Ruffian, an amateur BaTm of Cheibriados (D:4)
  A vampire (Abyss:3)
  A necrophage (D:7)
  2 sky beasts (D:7)
  3 ogres
  A black bear (D:5)
  2 ice beasts (D:8)
  An orc warrior (D:7)
  A centaur (D:5)
  The ghost of mortelune the Conjurer, an amateur DECj (D:3)
  A big kobold (D:8)
  2 bullfrogs
  A wyvern zombie (D:6)
  2 scorpions
  A water moccasin skeleton (D:5)
  3 electric eels (D:7)
  2 crimson imps
  2 howler monkeys
  A centaur zombie (D:8)
  2 jellies
  2 orc priests
  A bullfrog skeleton (D:8)
  2 hounds
  2 iguanas (D:8)
  An orc wizard (D:7)
  2 worker ants (D:5)
  A worker ant zombie (D:8)
  3 gnolls (D:4)
  A howler monkey skeleton (D:5)
  12 adders
  2 shadow imps
  An adder skeleton (D:4)
  3 worms
  2 dart slugs
  4 leopard geckos
  14 orcs
  8 bats
  4 giant cockroaches
  8 goblins
  8 hobgoblins
  8 jackals
  2 quokkas (D:8)
  3 frilled lizards
  2 gnoll zombies (D:4)
  A goblin skeleton (D:7)
  2 goblin zombies (D:7)
  A hobgoblin zombie (D:7)
  A jackal skeleton (D:5)
  14 kobolds
  A kobold zombie (D:7)
  A leopard gecko skeleton (D:8)
  A leopard gecko zombie (D:7)
  An orc skeleton (D:7)
  5 rats
158 creatures vanquished.

Vanquished Creatures (others)
  A worker ant (D:5)
  A fire vortex (D:5)
2 creatures vanquished.

Grand Total: 160 creatures vanquished

Notes
Turn   | Place    | Note
-------+----------+-------------------------------------------
     0 | D:1      | graki42 the Deep Elf Fire Elementalist began the quest for the Orb.
     0 | D:1      | Reached XP level 1. HP: 10/10 MP: 6/6
    93 | D:1      | Reached XP level 2. HP: 14/15 MP: 2/8
   754 | D:1      | Reached XP level 3. HP: 19/19 MP: 7/9
  1653 | D:2      | Learned a level 3 spell: Conjure Flame
  1657 | D:2      | Learned a level 3 spell: Inner Flame
  1670 | D:2      | Reached skill level 4 in Spellcasting
  1670 | D:2      | Reached XP level 4. HP: 24/24 MP: 4/12
  1971 | D:2      | Noticed a bullfrog
  1973 | D:2      | Killed a bullfrog
  1973 | D:2      | Reached XP level 5. HP: 28/28 MP: 11/14
  1989 | D:2      | Noticed a hand axe
  1990 | D:2      | Noticed a dagger
  1995 | D:2      | Found a hide-covered altar of Uskayaw.
  2661 | D:2      | Learned a level 4 spell: Sticky Flame
  3133 | D:3      | Reached skill level 5 in Spellcasting
  3234 | D:3      | Found an opulent altar of Gozag.
  3472 | D:3      | Noticed mortelune's ghost (amateur DECj)
  3483 | D:3      | Killed mortelune's ghost
  3483 | D:3      | Reached skill level 5 in Fire Magic
  3483 | D:3      | Reached XP level 6. HP: 24/32 MP: 5/16
  4132 | D:4      | Found an opulent altar of Gozag.
  4365 | D:4      | Noticed zero's ghost (amateur BaTm)
  4388 | D:4      | Killed zero's ghost
  4388 | D:4      | Reached skill level 6 in Spellcasting
  4388 | D:4      | Reached XP level 7. HP: 36/36 MP: 2/18
  5015 | D:4      | Found a basalt altar of Yredelemnul.
  5231 | D:5      | Entered Level 5 of the Dungeon
  5814 | D:5      | Found a burning altar of Makhleb.
  6192 | D:5      | Found a deep blue altar of Sif Muna.
  6192 | D:5      | Found a shattered altar of Ashenzari.
  6193 | D:5      | Found a shadowy altar of Dithmenos.
  6251 | D:5      | Reached skill level 1 in Polearms
  6499 | D:5      | Noticed zero's ghost (novice BaTm)
  6512 | D:5      | Killed zero's ghost
  6512 | D:5      | Reached skill level 1 in Fighting
  6512 | D:5      | Reached skill level 7 in Spellcasting
  6512 | D:5      | Reached XP level 8. HP: 38/43 MP: 11/20
  6572 | D:5      | Learned a level 5 spell: Fireball
  7133 | D:6      | Found an iron altar of Okawaru.
  7370 | D:6      | Found a shattered altar of Ashenzari.
  7372 | D:6      | Found a burning altar of Makhleb.
  7372 | D:6      | Found an iron altar of Okawaru.
  7374 | D:6      | Found a glowing silver altar of Zin.
  7374 | D:6      | Found a shimmering altar of Xom.
  7374 | D:6      | Found a white marble altar of Elyvilon.
  7416 | D:6      | Reached skill level 5 in Conjurations
  7587 | D:6      | Found a sacrificial altar of Ru.
  7617 | D:7      | Found a transporter.
  7927 | D:7      | Found a transporter.
  7967 | D:7      | Reached skill level 5 in Stealth
  8233 | D:7      | Got a fine ring mail
  8408 | D:7      | Found a hazy altar of Hepliaklqana.
  8409 | D:7      | Found an opulent altar of Gozag.
  8484 | D:7      | Found a glowing golden altar of the Shining One.
  8484 | D:7      | Found a sparkling altar of Nemelex Xobeh.
  8484 | D:7      | Found a shadowy altar of Dithmenos.
  8484 | D:7      | Found a sacrificial altar of Ru.
  8488 | D:7      | Found a snail-covered altar of Cheibriados.
  8488 | D:7      | Found an ancient bone altar of Kikubaaqudgha.
  8489 | D:7      | Found a glowing golden altar of the Shining One.
  8489 | D:7      | Found a shadowy altar of Dithmenos.
  8490 | D:7      | Found a basalt altar of Yredelemnul.
  8490 | D:7      | Found a white marble altar of Elyvilon.
  8539 | D:7      | Reached skill level 8 in Spellcasting
  8725 | D:7      | Found a glowing golden altar of the Shining One.
  8738 | D:7      | Reached XP level 9. HP: 44/48 MP: 11/23
  8890 | D:7      | Found a staircase to the Ecumenical Temple.
  8895 | Temple   | Entered the Ecumenical Temple
  8926 | Temple   | Became a worshipper of Vehumet
  9107 | D:8      | Found a bloodstained altar of Trog.
  9275 | D:8      | Noticed a two-headed ogre
  9286 | D:8      | Killed a two-headed ogre
  9286 | D:8      | Reached skill level 9 in Spellcasting
  9420 | D:8      | Reached skill level 5 in Dodging
  9760 | D:8      | Got a bloodstained long sword
  9857 | D:8      | Identified the +4 long sword "Brush" {slice, +Fly rPois rC- rN+} (You found it on level 8 of the Dungeon)
  9922 | D:9      | Reached skill level 1 in Short Blades
  9943 | D:9      | Found a hazy altar of Hepliaklqana.
  9960 | D:9      | Noticed a wizard
  9960 | D:9      | Noticed an orc sorcerer
  9960 | D:9      | Noticed a wizard
  9960 | D:9      | Noticed an orc sorcerer
  9960 | D:9      | Reached skill level 10 in Spellcasting
  9961 | D:9      | Cast into level 3 of the Abyss (a wizard)
  9961 | Abyss:3  | Found a corrupted altar of Lugonu.
 10006 | Abyss:3  | Noticed an ancient zyme
 10024 | Abyss:3  | Noticed an entropy weaver
 10077 | Abyss:3  | Noticed an orange demon
 10084 | Abyss:3  | Noticed a starcursed mass
 10137 | Abyss:3  | Noticed an orange crystal statue
 10138 | Abyss:3  | Noticed a starcursed mass
 10138 | Abyss:3  | Noticed a glowing orange brain
 10139 | Abyss:3  | Noticed a thrashing horror
 10139 | Abyss:3  | Noticed a glowing orange brain
 10143 | Abyss:3  | Noticed a purple very ugly thing
 10145 | Abyss:3  | Gained mutation: You have large cloven feet. [potion of mutation]
 10145 | Abyss:3  | Gained mutation: You have hoof-like feet. [potion of mutation]
 10145 | Abyss:3  | Mangled by an orange demon

Vault maps used:
D:1:      roderic_octagonal_star
D:2:      dancing_weapons_uskayaw
D:3:      grunt_gozag_statues
D:4:      lemuel_coloured_pillars_altar, lemuel_zombie_altar_yredelemnul,
          nicolae_overflow_hidden_temple
D:5:      old_standard_altar, gammafunk_temple_overflow_forgotten, first_bread,
          serial_glass, glass_columns_c, glass_columns_c
D:6:      doesnt_xom_only_xom, kennysheep_mini_moat, kennysheep_okawaru_gauntlet
D:7:      gammafunk_steamed_eel, nicolae_tso_besieged_by_evil, temple_doors_ab,
          grunt_ogre_cave
D:8:      lemuel_crystal_altar
D:9:      cheibrodos_wizards_tower, nicolae_overflow_crystal_walls,
          lemuel_round_altar
Temple:   corrupted_temple
Abyss:3:  nicolae_abyss_rune_left_handed

Skill      XL: |  1  2  3  4  5  6  7  8  9 |
---------------+----------------------------+-----
Fire Magic     | 4 5 6 7 8 |  8.7
Dodging        | 3 4 5 |  5.1
Spellcasting   | 4 5 6 7 8 10 | 10.1
Stealth        | 3 4 5 |  5.4
Conjurations   | 2 3 4 5 7 |  7.4
Polearms       | 1 2 |  2.2
Fighting       | 1 2 |  2.1
Short Blades   | 1 |  1.1

Action                   |  1- 3 |  4- 6 |  7- 9 || total
-------------------------+-------+-------+-------++-------
Melee: Unarmed           |       |     2 |       ||     2
       Spear             |       |       |    69 ||    69
       Dagger            |       |       |    22 ||    22
 Cast: Flame Tongue      |    86 |    87 |   105 ||   278
       Conjure Flame     |       |     3 |    10 ||    13
       Sticky Flame      |       |       |    28 ||    28
       Fireball          |       |       |     7 ||     7
       Inner Flame       |       |       |     1 ||     1
  Use: Potion            |       |       |     1 ||     1
 Stab: Sleeping          |       |     1 |     6 ||     7
  Eat: Chunk             |     2 |     8 |    15 ||    25
       Meat ration       |       |       |     1 ||     1
       Royal jelly       |       |       |     1 ||     1
       Fruit             |       |       |     1 ||     1
Armor: Robe              |    21 |     2 |    20 ||    43
Dodge: Dodged            |    73 |    14 |   110 ||   197

Table legend:
 A = Spawn XP
 B = Non-spawn XP
 C = Spawn XP percentage of total XP
 D = Spawn monster count
 E = Non-spawn monster count
 F = Spawn count percentage of total count
 G = Total turns spent on level
                    A         B        C        D         E        F      G
               +---------+---------+-------+---------+---------+-------+---------
         Total |     217 |    5209 |   4.0 |       1 |     158 |   0.6 | 10145
               +---------+---------+-------+---------+---------+-------+---------
           D:1 |       0 |      52 |   0.0 |       0 |      28 |   0.0 |  1398
           D:2 |       0 |     196 |   0.0 |       0 |      22 |   0.0 |  1533
           D:3 |       0 |     183 |   0.0 |       0 |      18 |   0.0 |  1175
           D:4 |       0 |     396 |   0.0 |       0 |      10 |   0.0 |  1267
           D:5 |       0 |     894 |   0.0 |       0 |      13 |   0.0 |  1565
           D:6 |       0 |     159 |   0.0 |       0 |      13 |   0.0 |   672
           D:7 |       0 |    1083 |   0.0 |       0 |      25 |   0.0 |  1437
           D:8 |       0 |    1874 |   0.0 |       0 |      25 |   0.0 |   803
           D:9 |       0 |     372 |   0.0 |       0 |       4 |   0.0 |    62
       Abyss:3 |     217 |       0 | 100.0 |       1 |       0 | 100.0 |   184
               +---------+---------+-------+---------+---------+-------+---------
